TOP OF THE 1ST |
Havana Rollers batting - Pitching for Otsego Bulldogs : RHP Juan Moreno
|
Pitching: RHP Juan Moreno
|
|
Batting: LHB Jimmy Husted
|
0-0: Called Strike 0-1: Ball 1-1: Ball 2-1: Called Strike 2-2: Strikes out swinging
|
Batting: RHB Ed Sims
|
0-0: Ball 1-0: Ground out 6-3 (Groundball, 56)
|
Batting: LHB Enrique Cortéz
|
0-0: Foul Ball, location: 2F 0-1: Ball 1-1: Ground out 4-3 (Groundball, 4)
|
Top of the 1st over - 0 run(s), 0 hit(s), 0 error(s), 0 left on base; Havana 0 - Otsego 0 |
BOTTOM OF THE 1ST |
Otsego Bulldogs batting - Pitching for Havana Rollers : RHP Suezo Morimoto
|
Pitching: RHP Suezo Morimoto
|
|
Batting: LHB Mario Cornelo
|
0-0: Foul Ball, location: 2F 0-1: Foul Ball, location: 2F 0-2: Hit by Pitch
|
Batting: RHB Kyung-bok Cho
|
0-0: Ball Mario Cornelo steals 2nd base 1-0: Ground out 1-3 (Groundball, 15)
|
Batting: RHB Donald White
|
0-0: SINGLE (Groundball, 13) (infield hit) Mario Cornelo to third
|
Batting: RHB Jesús Tisnado
|
0-0: Ball Donald White steals 2nd base 1-0: Ball 2-0: Ground out 5-3 (Groundball, 56) Mario Cornelo scores
|
Batting: RHB Cristo García
|
0-0: Ball 1-0: Ball 2-0: Called Strike 2-1: Called Strike 2-2: 2-RUN HOME RUN (Flyball, 7LD), Distance : 339 ft
|
Batting: LHB Gino Canio
|
0-0: Called Strike 0-1: Ground out 4-3 (Groundball, 4)
|
Bottom of the 1st over - 3 run(s), 2 hit(s), 0 error(s), 0 left on base; Havana 0 - Otsego 3 |
TOP OF THE 2ND |
Havana Rollers batting - Pitching for Otsego Bulldogs : RHP Juan Moreno
|
Batting: SHB Chris Bennis
|
0-0: Ball 1-0: Swinging Strike 1-1: Called Strike 1-2: Strikes out swinging
|
Batting: RHB Salvador Borbón
|
0-0: Ball 1-0: Ball 2-0: Called Strike 2-1: Ball 3-1: Base on Balls
|
Batting: SHB Pepe Piña
|
0-0: Fly out, F8 (Line Drive, 8RD)
|
Batting: RHB Paul Bailey
|
0-0: Called Strike Throwing error on steal attempt, E2 Salvador Borbón to third 0-1: Ball 1-1: Ground out 4-3 (Groundball, 34)
|
Top of the 2nd over - 0 run(s), 0 hit(s), 1 error(s), 1 left on base; Havana 0 - Otsego 3 |
BOTTOM OF THE 2ND |
Otsego Bulldogs batting - Pitching for Havana Rollers : RHP Suezo Morimoto
|
Batting: RHB Juan Pérez
|
0-0: Called Strike 0-1: Swinging Strike 0-2: Strikes out swinging
|
Batting: RHB Armando Cuevas
|
0-0: Ball 1-0: Swinging Strike 1-1: Ball 2-1: SINGLE (Groundball, 6)
|
Batting: RHB Manuel Ortega
|
0-0: Called Strike 0-1: Ball 1-1: SINGLE (Line Drive, 4D) Armando Cuevas to second
|
Batting: LHB Mario Cornelo
|
0-0: Ball 1-0: 3-RUN HOME RUN (Flyball, 9D), Distance : 369 ft
|
Batting: RHB Kyung-bok Cho
|
0-0: Ground out 6-3 (Groundball, 6)
|
Batting: RHB Donald White
|
0-0: Ball 1-0: Called Strike 1-1: Swinging Strike 1-2: Ground out 6-3 (Groundball, 6M)
|
Bottom of the 2nd over - 3 run(s), 3 hit(s), 0 error(s), 0 left on base; Havana 0 - Otsego 6 |
TOP OF THE 3RD |
Havana Rollers batting - Pitching for Otsego Bulldogs : RHP Juan Moreno
|
Batting: LHB José Torres
|
0-0: Called Strike 0-1: Ball 1-1: Ball 2-1: Swinging Strike 2-2: Strikes out swinging
|
Batting: LHB Noriaki Oshima
|
0-0: Ball 1-0: Called Strike 1-1: Called Strike 1-2: Foul Ball, location: 2F 1-2: Ball 2-2: Ball 3-2: Strikes out swinging
|
Batting: LHB Jimmy Husted
|
0-0: Called Strike 0-1: Swinging Strike 0-2: Ball 1-2: Ball 2-2: Ball 3-2: SINGLE (Groundball, 56D)
|
Batting: RHB Ed Sims
|
0-0: Ball 1-0: Ball 2-0: Called Strike 2-1: Ball 3-1: Ground out 1-3 (Groundball, 34S)
|
Top of the 3rd over - 0 run(s), 1 hit(s), 0 error(s), 1 left on base; Havana 0 - Otsego 6 |
BOTTOM OF THE 3RD |
Otsego Bulldogs batting - Pitching for Havana Rollers : RHP Suezo Morimoto
|
Batting: RHB Jesús Tisnado
|
0-0: Foul Ball, location: 2F 0-1: Ball 1-1: Foul Ball, location: 2F 1-2: Fly out, F7 (Flyball, 78D)
|
Batting: RHB Cristo García
|
0-0: Ball 1-0: Swinging Strike 1-1: Called Strike 1-2: Ball 2-2: Fly out, F7 (Flyball, 7D)
|
Batting: LHB Gino Canio
|
0-0: Ground out U3 (Groundball, 3L)
|
Bottom of the 3rd over - 0 run(s), 0 hit(s), 0 error(s), 0 left on base; Havana 0 - Otsego 6 |
TOP OF THE 4TH |
Havana Rollers batting - Pitching for Otsego Bulldogs : RHP Juan Moreno
|
Batting: LHB Enrique Cortéz
|
0-0: Called Strike 0-1: Fly out, F7 (Flyball, 7M)
|
Pitching: LHP Esteban Santos
|
|
Batting: SHB Chris Bennis
|
0-0: Ball 1-0: Called Strike 1-1: Ball 2-1: Ball 3-1: Foul Ball, location: 2F 3-2: Base on Balls
|
Batting: RHB Salvador Borbón
|
0-0: Foul Ball, location: 2F 0-1: Ground out 4-3 (Groundball, 4M) Chris Bennis to second
|
Batting: SHB Pepe Piña
|
0-0: Ball 1-0: Swinging Strike 1-1: Ball 2-1: Ball 3-1: Foul Ball, location: 2F 3-2: Strikes out swinging
|
Top of the 4th over - 0 run(s), 0 hit(s), 0 error(s), 1 left on base; Havana 0 - Otsego 6 |
BOTTOM OF THE 4TH |
Otsego Bulldogs batting - Pitching for Havana Rollers : RHP Suezo Morimoto
|
Batting: RHB Juan Pérez
|
0-0: Foul Ball, location: 2F 0-1: Ground out 6-3 (Groundball, 6)
|
Batting: RHB Armando Cuevas
|
0-0: Called Strike 0-1: Ball 1-1: SINGLE (Flyball, 78S)
|
Batting: RHB Manuel Ortega
|
0-0: Called Strike 0-1: Ball 1-1: Called Strike 1-2: Ball 2-2: Foul Ball, location: 2F 2-2: Fly out, F8 (Flyball, 8RS)
|
Batting: LHB Mario Cornelo
|
0-0: Ball 1-0: Ball 2-0: Foul Ball, location: 2F 2-1: Ground out 4-3 (Groundball, 4)
|
Bottom of the 4th over - 0 run(s), 1 hit(s), 0 error(s), 1 left on base; Havana 0 - Otsego 6 |
TOP OF THE 5TH |
Havana Rollers batting - Pitching for Otsego Bulldogs : LHP Esteban Santos
|
Batting: RHB Paul Bailey
|
0-0: Ball 1-0: Called Strike 1-1: Foul Ball, location: 2F 1-2: Foul Ball, location: 2F 1-2: Strikes out swinging
|
Batting: LHB José Torres
|
0-0: Called Strike 0-1: Called Strike 0-2: Strikes out looking
|
Batting: LHB Noriaki Oshima
|
0-0: Called Strike 0-1: Ball 1-1: Called Strike 1-2: Ball 2-2: Ball 3-2: Ground out 4-3 (Groundball, 4)
|
Top of the 5th over - 0 run(s), 0 hit(s), 0 error(s), 0 left on base; Havana 0 - Otsego 6 |
BOTTOM OF THE 5TH |
Otsego Bulldogs batting - Pitching for Havana Rollers : RHP Suezo Morimoto
|
Batting: RHB Kyung-bok Cho
|
0-0: Foul Ball, location: 2F 0-1: Ball 1-1: Foul Ball, location: 2F 1-2: Ground out 6-3 (Groundball, 6)
|
Batting: RHB Donald White
|
0-0: Ball 1-0: Foul Ball, location: 2F 1-1: Ball 2-1: Foul Ball, location: 2F 2-2: Ball 3-2: Base on Balls
|
Batting: RHB Jesús Tisnado
|
0-0: Called Strike 0-1: Ball 1-1: Grounds into double play, U6-3 (Groundball, 6M)
|
Bottom of the 5th over - 0 run(s), 0 hit(s), 0 error(s), 0 left on base; Havana 0 - Otsego 6 |
TOP OF THE 6TH |
Havana Rollers batting - Pitching for Otsego Bulldogs : LHP Esteban Santos
|
Batting: LHB Jimmy Husted
|
0-0: Ball 1-0: Swinging Strike 1-1: DOUBLE (Line Drive, 3L)
|
Batting: RHB Ed Sims
|
0-0: Called Strike 0-1: Ball 1-1: Fly out, F8 (Flyball, 6MD)
|
Batting: LHB Enrique Cortéz
|
0-0: Fly out, F7 (Flyball, 7M)
|
Batting: SHB Chris Bennis
|
0-0: SINGLE (Line Drive, 89S) Jimmy Husted to third Throwing error, E9 Jimmy Husted scores Chris Bennis to second
|
Batting: RHB Salvador Borbón
|
0-0: Called Strike 0-1: Ball 1-1: Swinging Strike 1-2: Ball 2-2: Foul Ball, location: 2F 2-2: Ball 3-2: Base on Balls
|
Batting: SHB Pepe Piña
|
0-0: Ball 1-0: Swinging Strike 1-1: Swinging Strike 1-2: Foul Ball, location: 2F 1-2: Foul Ball, location: 2F 1-2: Foul Ball, location: 2F 1-2: Strikes out swinging
|
Top of the 6th over - 1 run(s), 2 hit(s), 1 error(s), 2 left on base; Havana 1 - Otsego 6 |
BOTTOM OF THE 6TH |
Otsego Bulldogs batting - Pitching for Havana Rollers : RHP Suezo Morimoto
|
Batting: RHB Cristo García
|
0-0: Ground out 5-3 (Groundball, 56S)
|
Batting: LHB Gino Canio
|
0-0: Ball 1-0: Fly out, F7 (Popup, 7S)
|
Batting: RHB Juan Pérez
|
0-0: Called Strike 0-1: Ball 1-1: Ground out 5-3 (Groundball, 5L)
|
Bottom of the 6th over - 0 run(s), 0 hit(s), 0 error(s), 0 left on base; Havana 1 - Otsego 6 |
TOP OF THE 7TH |
Havana Rollers batting - Pitching for Otsego Bulldogs : LHP Esteban Santos
|
Pitching: RHP Manny Benavides
|
|
Batting: RHB Paul Bailey
|
0-0: Fly out, F5 (Popup, 5S)
|
Batting: LHB José Torres
|
0-0: Called Strike 0-1: Swinging Strike 0-2: Ball 1-2: Strikes out looking
|
Batting: LHB Noriaki Oshima
|
0-0: Called Strike 0-1: Ball 1-1: Ball 2-1: Foul Ball, location: 2F 2-2: Ball 3-2: Base on Balls
|
Batting: LHB Jimmy Husted
|
0-0: Ball 1-0: Foul Ball, location: 2F 1-1: Ball 2-1: Swinging Strike 2-2: Strikes out swinging
|
Top of the 7th over - 0 run(s), 0 hit(s), 0 error(s), 1 left on base; Havana 1 - Otsego 6 |
BOTTOM OF THE 7TH |
Otsego Bulldogs batting - Pitching for Havana Rollers : RHP Suezo Morimoto
|
Batting: RHB Armando Cuevas
|
0-0: Ball 1-0: Ball 2-0: Ground out 5-3 (Groundball, 5S)
|
Batting: RHB Manuel Ortega
|
0-0: Called Strike 0-1: Called Strike 0-2: Foul Ball, location: 2F 0-2: Ball 1-2: Ball 2-2: SINGLE (Groundball, 56D)
|
Batting: LHB Mario Cornelo
|
0-0: Called Strike 0-1: Fly out, F6 (Popup, 56)
|
Batting: RHB Kyung-bok Cho
|
0-0: Called Strike Manuel Ortega is caught stealing 2nd base
|
Bottom of the 7th over - 0 run(s), 1 hit(s), 0 error(s), 0 left on base; Havana 1 - Otsego 6 |
TOP OF THE 8TH |
Havana Rollers batting - Pitching for Otsego Bulldogs : RHP Manny Benavides
|
Batting: RHB Ed Sims
|
0-0: SINGLE (Groundball, 3D)
|
Batting: LHB Enrique Cortéz
|
0-0: Fly out, F6 (Popup, 6MD)
|
Batting: SHB Chris Bennis
|
0-0: Foul Ball, location: 2F 0-1: Swinging Strike 0-2: Foul Ball, location: 2F 0-2: Strikes out swinging
|
Batting: RHB Salvador Borbón
|
0-0: Ball 1-0: Foul Ball, location: 2F 1-1: Foul Ball, location: 2F 1-2: Foul Ball, location: 2F 1-2: Foul Ball, location: 2F 1-2: Fly out, F7 (Flyball, 7D)
|
Top of the 8th over - 0 run(s), 1 hit(s), 0 error(s), 1 left on base; Havana 1 - Otsego 6 |
BOTTOM OF THE 8TH |
Otsego Bulldogs batting - Pitching for Havana Rollers : RHP Suezo Morimoto
|
Batting: RHB Kyung-bok Cho
|
0-0: Ball 1-0: SINGLE (Line Drive, 6M)
|
Batting: RHB Donald White
|
0-0: Called Strike 0-1: Fly out, F8 (Flyball, 8LM)
|
Batting: RHB Jesús Tisnado
|
0-0: Called Strike 0-1: Ball 1-1: Ball Kyung-bok Cho steals 2nd base 2-1: Foul Ball, location: 2F 2-2: Strikes out swinging
|
Batting: RHB Cristo García
|
0-0: 2-RUN HOME RUN (Flyball, 7D), Distance : 393 ft
|
Pitching: RHP Chandler Lindsey
|
|
Batting: LHB Gino Canio
|
0-0: Ball 1-0: SOLO HOME RUN (Line Drive, 9LD), Distance : 340 ft
|
Batting: RHB Juan Pérez
|
0-0: Ground out 1-3 (Groundball, 13S)
|
Bottom of the 8th over - 3 run(s), 3 hit(s), 0 error(s), 0 left on base; Havana 1 - Otsego 9 |
TOP OF THE 9TH |
Havana Rollers batting - Pitching for Otsego Bulldogs : RHP Manny Benavides
|
Batting: SHB Pepe Piña
|
0-0: Ball 1-0: Foul Ball, location: 2F 1-1: Swinging Strike 1-2: Ball 2-2: Foul Ball, location: 2F 2-2: Strikes out swinging
|
Batting: RHB Paul Bailey
|
0-0: Called Strike 0-1: Ball 1-1: Ball 2-1: Fly out, F9 (Flyball, 9LMF)
|
Batting: LHB José Torres
|
0-0: Foul Ball, location: 2F 0-1: Ball 1-1: Called Strike 1-2: Foul Ball, location: 2F 1-2: Ball 2-2: Foul Ball, location: 2F 2-2: Foul Ball, location: 2F 2-2: Ball 3-2: Fly out, F6 (Popup, 5D)
|
Top of the 9th over - 0 run(s), 0 hit(s), 0 error(s), 0 left on base; Havana 1 - Otsego 9 |
|